 Dungeon Crawl Stone Soup version 0.21-a0-2-ge494091 (webtiles) character file.

877 Chiseanne the Skirmisher (level 7, -13/66 HPs)
             Began as a Minotaur Monk on May 22, 2017.
             Was a Priest of Wu Jian.
             Engulfed by a cloud of freezing vapour (18 damage)
             ... on level 5 of the Dungeon.
             The game lasted 00:10:44 (4101 turns).

Chiseanne the Skirmisher (Minotaur Monk)            Turns: 4101, Time: 00:10:45

Health: -13/66     AC: 12    Str: 16    XL:     7   Next: 75%
Magic:  6/6        EV: 13    Int:  7    God:    Wu Jian [***...]
Gold:   463        SH:  0    Dex: 14    Spells: 6/6 levels left

rFire    . . .     SeeInvis .   a - +1 falchion (holy)
rCold    . . .     Gourm    .   (no shield)
rNeg     . . .     Faith    .   q - +3 scale mail {rPois}
rPois    +         Spirit   .   (helmet restricted)
rElec    .         Reflect  .   g - +1 cloak
rCorr    +         Harm     .   (no gloves)
MR       .....                  (no boots)
Stlth    ..........             (no amulet)
Regen    0.3/turn               s - ring of resist corrosion
MPRegen  0.1/turn               (no ring)

@: no status effects
A: retaliatory headbutt, horns 2
a: Renounce Religion


You were on level 5 of the Dungeon.
You worshipped Wu Jian.
Wu Jian was most pleased with you.
You were not hungry.

You visited 1 branch of the dungeon, and saw 5 of its levels.

You collected 463 gold pieces.

Inventory:

Hand Weapons
 a - a +1 falchion of holy wrath (weapon)
 z - a +0 blowgun
Missiles
 d - 247 stones
 f - 52 bolts
 i - 6 poisoned needles
 j - 56 sling bullets
 l - 7 javelins (quivered)
 p - 46 arrows
 u - 13 tomahawks
Armour
 g - a +1 cloak (worn)
 q - a +3 scale mail of poison resistance (worn)
 y - a +1 ring mail of positive energy
Jewellery
 s - a ring of resist corrosion (left hand)
Wands
 A - a wand of random effects (14/48)
Scrolls
 x - 3 scrolls of remove curse
 C - a scroll of magic mapping
 D - a scroll of identify
Potions
 b - 2 potions of heal wounds
 e - a potion of resistance {unknown}
 m - 4 potions of agility
 o - 2 potions of invisibility {unknown}
 t - a potion of might {unknown}
 v - 4 potions of curing
 w - a potion of brilliance {unknown}
 B - a potion of lignification {unknown}
Comestibles
 c - 5 bread rations
 h - 2 royal jellies
 k - 7 chunks of flesh
 n - 8 fruits
 r - 2 meat rations


   Skills:
 * Level 7.1 Fighting
 - Level 3.6 Long Blades
 * Level 5.4 Armour
 * Level 6.8 Dodging
 - Level 1.5 Stealth


You had 6 spell levels left.
You didn't know any spells.

Dungeon Overview and Level Annotations

Branches:
Dungeon (5/15)
 Temple: D:4-7

Altars:
Elyvilon
Gozag
Nemelex Xobeh
Wu Jian
The Shining One


Innate Abilities, Weirdness & Mutations

You reflexively headbutt those who attack you in melee.
You have a pair of horns on your head.


Message History

You continue taking off your +1 ring mail of positive energy. x4
You finish taking off your +1 ring mail of positive energy.
You feel less protected from negative energy.
You start putting on your armour.
You continue putting on your +3 scale mail of poison resistance. x5
You finish putting on your +3 scale mail of poison resistance.
You feel resistant to poison.
Really walk into a travel-excluded area?
There is an open door here.
D - a scroll of identify You now have 463 gold pieces (gained 9).
p - 46 arrows (gained 9)
You see here a shortbow.
You are engulfed in freezing vapours.
You are engulfed in freezing vapours.
You are engulfed in freezing vapours.
You are engulfed in freezing vapours.
* * * LOW HITPOINT WARNING * * *
You are engulfed in freezing vapours.
You die...

.....### ##≈..♣..≈## ##.....##
..#...### #≈≈...≈≈#####........
#.......#######...####...........
#####............#####.#.........
######..######...................
####################...#........>
.....§§§.§§§§§§($[%#........)....
.#######################.........
.........§§§§§§§@..## ##........
################8'8### ##.....##
...............#.....########.###
#####.#.....................#.##.
#........................####.#..
......#................#####....#
.................).....####..#..#
..#..#..........)..............##
###.##..)..................))....


There were no monsters in sight!

Vanquished Creatures
  Duvessa (D:5)
  A phantom (D:4)
  Dowan (D:5)
  2 scorpions (D:5)
  A howler monkey (D:4)
  A centaur zombie (D:5)
  Terence (D:3)
  A hound (D:4)
  An orc priest (D:5)
  2 orc wizards (D:5)
  5 worker ants
  4 gnolls
  6 adders
  2 oozes
  2 worms
  2 dart slugs (D:1)
  4 leopard geckos
  13 orcs
  8 bats
  7 giant cockroaches
  6 goblins
  2 hobgoblins
  8 jackals
  A ball python (D:2)
  5 frilled lizards
  A jackal skeleton (D:4)
  5 kobolds
  10 rats
103 creatures vanquished.

Vanquished Creatures (others)
  A centaur (D:5)
  A quokka (D:5)
2 creatures vanquished.

Grand Total: 105 creatures vanquished

Notes
Turn   | Place    | Note
-------+----------+-------------------------------------------
     0 | D:1      | Chiseanne the Minotaur Monk began the quest for the Orb.
     0 | D:1      | Reached XP level 1. HP: 19/19 MP: 0/0
    49 | D:1      | Reached skill level 4 in Fighting
    49 | D:1      | Reached XP level 2. HP: 13/27 MP: 1/1
   425 | D:1      | Reached XP level 3. HP: 33/33 MP: 2/2
   999 | D:2      | Found a faded altar of an unknown god.
  1028 | D:2      | Found an ornate altar of the Wu Jian Council.
  1028 | D:2      | Found a sparkling altar of Nemelex Xobeh.
  1033 | D:2      | Became a worshipper of the Wu Jian Council
  1033 | D:2      | Reached * piety under Wu Jian
  1033 | D:2      | Reached ** piety under Wu Jian
  1036 | D:2      | Reached skill level 1 in Armour
  1761 | D:3      | Reached XP level 4. HP: 41/41 MP: 3/3
  1807 | D:3      | Noticed Terence
  1825 | D:3      | Killed Terence
  2288 | D:3      | Reached skill level 5 in Fighting
  2420 | D:4      | Found an opulent altar of Gozag.
  2432 | D:4      | Reached XP level 5. HP: 41/48 MP: 4/4
  2494 | D:4      | Reached skill level 5 in Dodging
  2573 | D:4      | Found a glowing golden altar of the Shining One.
  2722 | D:4      | Reached XP level 6. HP: 52/56 MP: 5/5
  2927 | D:4      | Reached skill level 6 in Fighting
  3165 | D:5      | Entered Level 5 of the Dungeon
  3233 | D:5      | Noticed Dowan
  3234 | D:5      | Noticed Duvessa
  3242 | D:5      | Killed Duvessa
  3242 | D:5      | Reached XP level 7. HP: 51/64 MP: 6/6
  3251 | D:5      | Killed Dowan
  3647 | D:5      | Reached *** piety under Wu Jian
  3663 | D:5      | Reached skill level 5 in Armour
  3909 | D:5      | Found a white marble altar of Elyvilon.
  3919 | D:5      | Reached skill level 7 in Fighting
  4101 | D:5      | Engulfed by a cloud of freezing vapour

Vault maps used:
D:1:      dpeg_arrival_oval
D:2:      grunt_temple_overflow_open, chequers_ecumenical_altar_simple_redux,
          first_bread, minmay_misc_feat_square
D:3:      uniq_terence
D:4:      kennysheep_mini_moat, nicolae_gozag_cash_rules_everything_around_me
D:5:      lemuel_ice_spiral_2, elyvilon_altar_4, uniq_duvessa

Skill      XL: |  1  2  3  4  5  6  7 |
---------------+----------------------+-----
Fighting       | 4 5 6 7 |  7.1
Dodging        | 4 5 6 |  6.8
Armour         | 1 2 3 4 5 |  5.4
Long Blades    | |  3.6
Stealth        | |  1.5

Action                   |  1- 3 |  4- 6 |  7- 9 || total
-------------------------+-------+-------+-------++-------
Melee: Falchion          |    64 |   103 |    85 ||   252
       Headbutt          |    15 |    19 |    24 ||    58
Throw: Javelin           |       |     1 |       ||     1
Evoke: Wand              |       |       |     3 ||     3
  Use: Scroll            |     8 |     5 |     2 ||    15
       Potion            |       |       |     1 ||     1
 Stab: Sleeping          |     1 |       |       ||     1
       Distracted        |       |     1 |       ||     1
       Paralysed         |       |       |     4 ||     4
  Eat: Chunk             |     2 |     5 |     3 ||    10
Armor: Scale mail        |    27 |    47 |    42 ||   116
Dodge: Dodged            |    40 |    60 |    54 ||   154
       Rpst.: Falchion   |     9 |    18 |    16 ||    43
